 Dungeon Crawl Stone Soup version 0.23.2-33-g5129a83184 (webtiles) character file.

Game seed: 6749573259891330406

238 PlayerOfArmor the Slasher (level 5, -7/39 HPs)
             Began as a Demonspawn Gladiator on July 23, 2019.
             Mangled by an ogre
             ... wielding a +0 giant club
              (13 damage)
             ... on level 4 of the Dungeon.
             The game lasted 00:07:25 (2877 turns).

PlayerOfArmor the Slasher (Demonspawn Gladiator)    Turns: 2877, Time: 00:07:25

Health: -7/39      AC:  6    Str: 15    XL:     5   Next: 78%
Magic:  0/5        EV: 12    Int: 10    God:
Gold:   207        SH:  0    Dex: 14    Spells: 4/4 levels left

rFire    . . .     SeeInvis .   a - +0 long sword
rCold    . . .     Gourm    .   (no shield)
rNeg     . . .     Faith    .   x - +0 ring mail
rPois    .         Spirit   +   (helmet restricted)
rElec    .         Reflect  .   z - scarf {Spirit}
rCorr    .         Harm     .   p - +0 pair of gloves
MR       +....                  (no boots)
Stlth    +.........             (no amulet)
HPRegen  0.13/turn              l - ring of protection from magic
MPRegen  0.09/turn              (no ring)

@: no status effects
A: horns 1, magic shield
a: no special abilities


You were on level 4 of the Dungeon.
You were not hungry.

You visited 1 branch of the dungeon, and saw 4 of its levels.

You collected 207 gold pieces.

Inventory:

Hand Weapons
 a - a +0 long sword (weapon)
Missiles
 d - 3 throwing nets (quivered)
Armour
 p - a +0 pair of gloves (worn)
 x - a +0 ring mail (worn)
 z - a scarf of spirit shield (worn)
Jewellery
 l - a ring of protection from magic (left hand)
 n - an uncursed ring of fire
Wands
 h - a wand of paralysis (9)
 u - a wand of acid (5)
Scrolls
 b - a scroll of amnesia {unknown}
 i - 3 scrolls of teleportation
 j - a scroll of magic mapping {unknown}
 m - 2 scrolls of identify
 o - 2 scrolls of noise {unknown}
 q - a scroll of blinking {unknown}
 y - a scroll of fog {unknown}
Potions
 c - 2 potions of berserk rage {unknown}
 e - 2 potions of brilliance {unknown}
 g - 2 potions of heal wounds {unknown}
 k - a potion of lignification {unknown}
 r - a potion of magic {unknown}
 s - a potion of mutation {unknown}
 t - a potion of might {unknown}
 v - a potion of flight {unknown}
 w - 2 potions of haste {unknown}
 B - a potion of degeneration {unknown}
Comestibles
 f - 5 rations
 A - 2 chunks of flesh


   Skills:
 + Level 2.4 Fighting
 * Level 5.0 Long Blades
 - Level 1.7 Throwing
 + Level 1.7 Armour
 + Level 3.3 Dodging


You had 4 spell levels left.
You didn't know any spells.
Your spell library was empty.

Dungeon Overview and Level Annotations

Branches:
Dungeon (4/15)
 Temple: D:4-7

Altars:
Trog

Shops:
D:4 *


Innate Abilities, Weirdness & Mutations

You have a pair of small horns on your head.
When hurt, damage is shared between your health and your magic reserves.


Message History

This raw flesh tastes terrible.
An ogre comes into view. It is wielding a +0 giant club.
The ogre shouts!
You see here 18 gold pieces.
You now have 207 gold pieces (gained 18).
You slash the ogre! Your headbutt misses the ogre.
The ogre is moderately wounded.
The ogre misses you.
You riposte.
You hit the ogre.
The ogre is heavily wounded.
You barely miss the ogre.
The ogre is heavily wounded.
The ogre hits you with a +0 giant club!!
You hit the ogre.
The ogre is severely wounded.
The ogre hits you with a +0 giant club!!
* * * LOW HITPOINT WARNING * * *
You hit the ogre.
The ogre is almost dead.
The ogre hits you with a +0 giant club!
You die...

.# ###.######
###........ .........
#. ......# #. #.....#
#l #.O...###. #?#
#.@.......
#.####.#.#####.
####.##...#.#
#....##.#...#####
###......∩.........
###.......#.#........
#....)..........#####
#.#........÷....#
#.###........÷..###


You could see an ogre.

Vanquished Creatures
  An iguana (D:4)
  A worker ant (D:4)
  Natasha (thrice) (D:2)
  3 adders
  2 worms (D:2)
  A dart slug (D:4)
  2 leopard geckos (D:1)
  5 orcs (D:3)
  16 bats
  A giant cockroach (D:3)
  6 hobgoblins
  4 jackals (D:1)
  3 kobolds
  A quokka (D:3)
  4 frilled lizards
  11 goblins
  8 rats
72 creatures vanquished.

Notes
Turn   | Place    | Note
-------+----------+-------------------------------------------
     0 | D:1      | PlayerOfArmor the Demonspawn Gladiator began the quest for
                  | the Orb.
     0 | D:1      | Reached XP level 1. HP: 16/16 MP: 1/1
    64 | D:1      | Reached skill level 3 in Long Blades
    67 | D:1      | Gained mutation: You have a pair of small horns on your
                  | head. [demonic ancestry]
    67 | D:1      | Reached XP level 2. HP: 18/22 MP: 2/2
   605 | D:1      | Reached XP level 3. HP: 26/27 MP: 3/3
   912 | D:2      | Noticed Natasha
   918 | D:2      | Killed Natasha
   918 | D:2      | Reached skill level 4 in Long Blades
   918 | D:2      | Gained mutation: When hurt, damage is shared between your
                  | health and your magic reserves. [demonic ancestry]
   918 | D:2      | Reached XP level 4. HP: 17/33 MP: 4/4
   924 | D:2      | Found a bloodstained altar of Trog.
  1165 | D:2      | Reached skill level 1 in Armour
  1197 | D:2      | Noticed Natasha
  1206 | D:2      | Killed Natasha
  1441 | D:2      | Noticed Natasha
  1452 | D:2      | Killed Natasha
  1452 | D:2      | Reached XP level 5. HP: 13/38 MP: 1/5
  2768 | D:4      | Found Coqos's Assorted Antiques.
  2790 | D:4      | Reached skill level 5 in Long Blades
  2870 | D:4      | Noticed an ogre
  2877 | D:4      | Mangled by an ogre

Skill      XL: |  1  2  3  4  5 |
---------------+----------------+-----
Long Blades    | 3 4 5 |  5.0
Dodging        | 3 |  3.3
Armour         | 1 |  1.7
Fighting       | |  2.4
Throwing       | |  1.7

Action                   |  1- 3 |  4- 6 || total
-------------------------+-------+-------++-------
Melee: Long sword        |    62 |   105 ||   167
       Headbutt          |     6 |    24 ||    30
  Use: Scroll            |       |     3 ||     3
 Stab: Sleeping          |     1 |     1 ||     2
  Eat: Chunk             |       |     7 ||     7
Armor: Leather armour    |    20 |    20 ||    40
       Ring mail         |       |     7 ||     7
Dodge: Dodged            |    51 |    98 ||   149
       Rpst.: Long sword |    17 |    31 ||    48
